| TOP OF THE 1ST |
|
Mobile BayBears batting - Pitching for Jacksonville Suns : RHP Cory Levine
|
|
Pitching: RHP Cory Levine
|
|
|
Batting: LHB Koson Hirai
|
0-0: SINGLE (Line Drive, 9S, EV 90.0 MPH)
|
|
Batting: SHB Ed Vargas
|
0-0: Called Strike Koson Hirai steals 2nd base 0-1: Ball 1-1: Called Strike 1-2: Ball 2-2: Fly out, F8 (Line Drive, 8LM, EV 84.4 MPH)
|
|
Batting: LHB Soo-yeon Kym
|
0-0: Called Strike 0-1: Ball 1-1: Ball 2-1: Called Strike 2-2: Ball 3-2: Foul Ball, location: 2F 3-2: Foul Ball, location: 2F 3-2: Base on Balls
|
|
Batting: RHB Blake Beale
|
0-0: Ball 1-0: Ball 2-0: Called Strike 2-1: Foul Ball, location: 2F 2-2: Ball 3-2: Foul Ball, location: 2F 3-2: Foul Ball, location: 2F 3-2: Foul Ball, location: 2F 3-2: Base on Balls Koson Hirai to third Soo-yeon Kym to second
|
|
Batting: RHB Chris Bittner
|
0-0: Ball 1-0: Foul Ball, location: 2F 1-1: Ball 2-1: Called Strike 2-2: Grounds into double play, 5-4-3 (Groundball, 56, EV 79.4 MPH)
|
| Top of the 1st over - 0 runs, 1 hit, 0 errors, 2 left on base; Mobile 0 - Jacksonville 0 |
| BOTTOM OF THE 1ST |
|
Jacksonville Suns batting - Pitching for Mobile BayBears : LHP David Legg
|
|
Pitching: LHP David Legg
|
|
|
Batting: RHB Boof Howell
|
0-0: Foul Ball, location: 2F 0-1: Ball 1-1: Fly out, F9 (Line Drive, 89S, EV 98.1 MPH)
|
|
Batting: SHB Matt Moore
|
0-0: Called Strike 0-1: Foul Ball, location: 2F 0-2: Strikes out swinging
|
|
Batting: RHB Akira Suzuki
|
0-0: SINGLE (Line Drive, 34D, EV 98.8 MPH)
|
|
Batting: RHB Miguel Velasco
|
0-0: Ball 1-0: Called Strike 1-1: Called Strike 1-2: Ball Akira Suzuki is caught stealing 2nd base 2-4
|
| Bottom of the 1st over - 0 runs, 1 hit, 0 errors, 0 left on base; Mobile 0 - Jacksonville 0 |
| TOP OF THE 2ND |
|
Mobile BayBears batting - Pitching for Jacksonville Suns : RHP Cory Levine
|
|
Batting: RHB Paul Schreiber
|
0-0: Ground out 4-3 (Groundball, 4S, EV 61.9 MPH)
|
|
Batting: LHB T.J. Duvall
|
0-0: Ball 1-0: Ball 2-0: Ball 3-0: Called Strike 3-1: Swinging Strike 3-2: SINGLE (Groundball, 34D, EV 104.4 MPH) (infield hit)
|
|
Batting: RHB Jeremy Adams
|
0-0: Ball 1-0: Swinging Strike 1-1: Swinging Strike 1-2: Ball 2-2: Ball 3-2: Base on Balls T.J. Duvall to second
|
|
Batting: RHB Curt Barrett
|
0-0: Called Strike 0-1: Ball Wild Pitch! T.J. Duvall to third Jeremy Adams to second 1-1: Swinging Strike 1-2: Strikes out looking
|
|
Batting: LHB Koson Hirai
|
0-0: Hit by Pitch
|
|
Batting: SHB Ed Vargas
|
0-0: Ball 1-0: Swinging Strike 1-1: Ball 2-1: Called Strike 2-2: Ball 3-2: Foul Ball, location: 2F 3-2: Fly out, F7 (Line Drive, 78M, EV 96.9 MPH)
|
| Top of the 2nd over - 0 runs, 1 hit, 0 errors, 3 left on base; Mobile 0 - Jacksonville 0 |
| BOTTOM OF THE 2ND |
|
Jacksonville Suns batting - Pitching for Mobile BayBears : LHP David Legg
|
|
Batting: RHB Miguel Velasco
|
0-0: Ball 1-0: Foul Ball, location: 2F 1-1: Fly out, F6 (Flyball, 56D, EV 91.2 MPH)
|
|
Batting: RHB Larry LeFever
|
0-0: Ball 1-0: Foul Ball, location: 2F 1-1: Swinging Strike 1-2: Foul Ball, location: 2F 1-2: Ball 2-2: Strikes out swinging
|
|
Batting: RHB Tom Thompson
|
0-0: SINGLE (Line Drive, 8RS, EV 100.6 MPH)
|
|
Batting: RHB Len Graham
|
0-0: Ball 1-0: Called Strike 1-1: Swinging Strike 1-2: TRIPLE (Flyball, 8LXD, EV 105.6 MPH) Tom Thompson scores
|
|
Batting: LHB Orlando Rivera
|
0-0: Foul Ball, location: 2F 0-1: Ball 1-1: Swinging Strike 1-2: Ball 2-2: Strikes out swinging
|
| Bottom of the 2nd over - 1 run, 2 hits, 0 errors, 1 left on base; Mobile 0 - Jacksonville 1 |
| TOP OF THE 3RD |
|
Mobile BayBears batting - Pitching for Jacksonville Suns : RHP Cory Levine
|
|
Batting: LHB Soo-yeon Kym
|
0-0: Foul Ball, location: 2F 0-1: Ball 1-1: Called Strike 1-2: Ball 2-2: Ground out U3 (Groundball, 3, EV 102.5 MPH)
|
|
Batting: RHB Blake Beale
|
0-0: Foul Ball, location: 2F 0-1: Ball 1-1: Called Strike 1-2: Foul Ball, location: 2F 1-2: Foul Ball, location: 2F 1-2: Foul Ball, location: 2F 1-2: Foul Ball, location: 2F 1-2: Ball 2-2: Ball 3-2: DOUBLE (Line Drive, 78D, EV 101.9 MPH)
|
|
Batting: RHB Chris Bittner
|
0-0: Swinging Strike 0-1: Ball 1-1: Ball 2-1: Swinging Strike 2-2: Foul Ball, location: 2F 2-2: Fly out, F8 (Flyball, 8LD, EV 87.5 MPH)
|
|
Batting: RHB Paul Schreiber
|
0-0: Ground out 4-3 (Groundball, 4, EV 83.1 MPH)
|
| Top of the 3rd over - 0 runs, 1 hit, 0 errors, 1 left on base; Mobile 0 - Jacksonville 1 |
| BOTTOM OF THE 3RD |
|
Jacksonville Suns batting - Pitching for Mobile BayBears : LHP David Legg
|
|
Batting: RHB Alberto Bravo
|
0-0: Called Strike 0-1: Called Strike 0-2: Ball 1-2: Ball 2-2: Strikes out looking
|
|
Batting: RHB Boof Howell
|
0-0: Ground out U3 (Groundball, 3, EV 105.6 MPH)
|
|
Batting: SHB Matt Moore
|
0-0: Called Strike 0-1: Ball 1-1: Called Strike 1-2: Foul Ball, location: 2F 1-2: Strikes out swinging
|
| Bottom of the 3rd over - 0 runs, 0 hits, 0 errors, 0 left on base; Mobile 0 - Jacksonville 1 |
| TOP OF THE 4TH |
|
Mobile BayBears batting - Pitching for Jacksonville Suns : RHP Cory Levine
|
|
Batting: LHB T.J. Duvall
|
0-0: Called Strike 0-1: Swinging Strike 0-2: Ball 1-2: Ball 2-2: Strikes out swinging
|
|
Batting: RHB Jeremy Adams
|
0-0: Ball 1-0: Foul Ball, location: 2F 1-1: Called Strike 1-2: Foul Ball, location: 2F 1-2: Ball 2-2: Strikes out looking
|
|
Batting: RHB Curt Barrett
|
0-0: Called Strike 0-1: Foul Ball, location: 2F 0-2: Strikes out swinging
|
| Top of the 4th over - 0 runs, 0 hits, 0 errors, 0 left on base; Mobile 0 - Jacksonville 1 |
| BOTTOM OF THE 4TH |
|
Jacksonville Suns batting - Pitching for Mobile BayBears : LHP David Legg
|
|
Batting: RHB Akira Suzuki
|
0-0: Ball 1-0: Ground out 6-3 (Groundball, 6, EV 86.2 MPH)
|
|
Batting: RHB Miguel Velasco
|
0-0: Ball 1-0: Foul Ball, location: 2F 1-1: Ball 2-1: Ball 3-1: Called Strike 3-2: Strikes out swinging
|
|
Batting: RHB Larry LeFever
|
0-0: Ball 1-0: Called Strike 1-1: DOUBLE (Groundball, 5L, EV 103.1 MPH)
|
|
Batting: RHB Tom Thompson
|
0-0: Foul Ball, location: 2F 0-1: Called Strike 0-2: Strikes out swinging
|
| Bottom of the 4th over - 0 runs, 1 hit, 0 errors, 1 left on base; Mobile 0 - Jacksonville 1 |
| TOP OF THE 5TH |
|
Mobile BayBears batting - Pitching for Jacksonville Suns : RHP Cory Levine
|
|
Batting: LHB Koson Hirai
|
0-0: Swinging Strike 0-1: Ball 1-1: Ball 2-1: Ball 3-1: Called Strike 3-2: Strikes out looking
|
|
Pitching: RHP Matt Alexander
|
|
|
Batting: SHB Ed Vargas
|
0-0: Ball 1-0: Foul Ball, location: 2F 1-1: Called Strike 1-2: Ball 2-2: Strikes out swinging
|
|
Batting: LHB Soo-yeon Kym
|
0-0: Ball 1-0: Swinging Strike 1-1: Swinging Strike 1-2: Ground out 6-3 (Groundball, 6, EV 106.9 MPH)
|
| Top of the 5th over - 0 runs, 0 hits, 0 errors, 0 left on base; Mobile 0 - Jacksonville 1 |
| BOTTOM OF THE 5TH |
|
Jacksonville Suns batting - Pitching for Mobile BayBears : LHP David Legg
|
|
Batting: RHB Len Graham
|
0-0: Ball 1-0: Foul Ball, location: 2F 1-1: Ball 2-1: Swinging Strike 2-2: Ball 3-2: Base on Balls
|
|
Batting: LHB Orlando Rivera
|
0-0: Foul Ball, location: 2F 0-1: Ball 1-1: Ball Len Graham is caught stealing 2nd base 2-6 2-1: Foul Ball, location: 2F 2-2: Ball 3-2: Base on Balls
|
|
Batting: RHB Alberto Bravo
|
0-0: Ball 1-0: Called Strike 1-1: Fly out, F8 (Flyball, 8LD, EV 101.9 MPH) Runner from 1st tags up, SAFE at 2nd
|
|
Batting: RHB Boof Howell
|
0-0: Called Strike 0-1: Ball 1-1: Ground out 4-3 (Groundball, 34D, EV 106.2 MPH)
|
| Bottom of the 5th over - 0 runs, 0 hits, 0 errors, 1 left on base; Mobile 0 - Jacksonville 1 |
| TOP OF THE 6TH |
|
Mobile BayBears batting - Pitching for Jacksonville Suns : RHP Matt Alexander
|
|
Batting: RHB Blake Beale
|
0-0: Ball 1-0: Foul Ball, location: 2F 1-1: Ball 2-1: Swinging Strike 2-2: Ball 3-2: Fly out, F7 (Flyball, 7LS, EV 86.9 MPH)
|
|
Batting: RHB Chris Bittner
|
0-0: Called Strike 0-1: Swinging Strike 0-2: Foul Ball, location: 2F 0-2: Ball 1-2: Ball 2-2: Strikes out swinging
|
|
Batting: RHB Paul Schreiber
|
0-0: Foul Ball, location: 2F 0-1: Foul Ball, location: 2F 0-2: Fly out, F7 (Flyball, 78M, EV 91.9 MPH)
|
| Top of the 6th over - 0 runs, 0 hits, 0 errors, 0 left on base; Mobile 0 - Jacksonville 1 |
| BOTTOM OF THE 6TH |
|
Jacksonville Suns batting - Pitching for Mobile BayBears : LHP David Legg
|
|
Batting: SHB Matt Moore
|
0-0: SINGLE (Line Drive, 4MD, EV 100.0 MPH)
|
|
Batting: RHB Akira Suzuki
|
0-0: Ball 1-0: Foul Ball, location: 2F 1-1: Called Strike 1-2: Strikes out swinging
|
|
Batting: RHB Miguel Velasco
|
0-0: Ball 1-0: Ball 2-0: Ball 3-0: Swinging Strike 3-1: Called Strike 3-2: Base on Balls Matt Moore to second
|
|
Batting: RHB Larry LeFever
|
0-0: Ball 1-0: Fielders Choice at 2nd, 1-6 (Groundball, 13S, EV 63.1 MPH) Matt Moore to third
|
|
Batting: RHB Tom Thompson
|
0-0: Ball 1-0: Called Strike 1-1: Ball 2-1: Swinging Strike 2-2: Strikes out looking
|
| Bottom of the 6th over - 0 runs, 1 hit, 0 errors, 2 left on base; Mobile 0 - Jacksonville 1 |
| TOP OF THE 7TH |
|
Mobile BayBears batting - Pitching for Jacksonville Suns : RHP Matt Alexander
|
|
Pitching: RHP Campbell Wagenmakers
|
|
|
Now in RF: Matt McKeon
|
|
|
Batting: LHB T.J. Duvall
|
0-0: Ball 1-0: Swinging Strike 1-1: Ball 2-1: Foul Ball, location: 2F 2-2: SOLO HOME RUN (Flyball, 89XD, EV 108.8 MPH), Distance : 405 ft
|
|
Batting: RHB Jeremy Adams
|
0-0: Called Strike 0-1: Foul Ball, location: 2F 0-2: Strikes out looking
|
|
Batting: RHB Curt Barrett
|
0-0: Called Strike 0-1: Foul Ball, location: 2F 0-2: SINGLE (Groundball, 56D, EV 101.2 MPH)
|
|
Batting: LHB Koson Hirai
|
0-0: Foul Ball, location: 2F 0-1: Called Strike 0-2: Ball 1-2: SINGLE (Line Drive, 7S, EV 94.4 MPH) Curt Barrett to second
|
|
Batting: SHB Ed Vargas
|
0-0: Called Strike 0-1: Ball 1-1: Ball 2-1: Foul Ball, location: 2F 2-2: Foul Ball, location: 2F 2-2: Ball 3-2: Foul Ball, location: 2F 3-2: Fly out, F8 (Flyball, 8RM, EV 87.5 MPH)
|
|
Batting: LHB Soo-yeon Kym
|
0-0: Ground out 4-3 (Groundball, 4, EV 90.0 MPH)
|
| Top of the 7th over - 1 run, 3 hits, 0 errors, 2 left on base; Mobile 1 - Jacksonville 1 |
| BOTTOM OF THE 7TH |
|
Jacksonville Suns batting - Pitching for Mobile BayBears : LHP David Legg
|
|
Batting: RHB Len Graham
|
0-0: Called Strike 0-1: Called Strike 0-2: Ball 1-2: DOUBLE (Line Drive, 5D, EV 110.0 MPH)
|
|
Pitching: LHP Heath Henderson
|
|
|
Batting: LHB Orlando Rivera
|
0-0: Called Strike 0-1: Ball 1-1: Swinging Strike 1-2: Ball 2-2: Strikes out looking
|
|
Batting: RHB Alberto Bravo
|
0-0: Ball Len Graham steals 3rd base Squeeze bunt is on, Len Graham is out 1-1: Swinging Strike 1-2: Ground out 6-3 (Groundball, 56, EV 103.1 MPH)
|
| Bottom of the 7th over - 0 runs, 1 hit, 0 errors, 0 left on base; Mobile 1 - Jacksonville 1 |
| TOP OF THE 8TH |
|
Mobile BayBears batting - Pitching for Jacksonville Suns : RHP Campbell Wagenmakers
|
|
Pitching: RHP Chris Forster
|
|
|
Batting: RHB Blake Beale
|
0-0: Ball 1-0: Ball 2-0: Foul Ball, location: 2F 2-1: SINGLE (Line Drive, 78S, EV 105.0 MPH)
|
|
Batting: RHB Chris Bittner
|
0-0: Foul Ball, location: 2F 0-1: Ball 1-1: Ball 2-1: Ball 3-1: Reached on error, E1 (Groundball, 13, EV 70.0 MPH) Blake Beale to second
|
|
Batting: RHB Paul Schreiber
|
0-0: Ball 1-0: Ball 2-0: Ball 3-0: Called Strike 3-1: Fly out, F9 (Flyball, 89S, EV 81.9 MPH)
|
|
Batting: LHB T.J. Duvall
|
0-0: Called Strike 0-1: Ball 1-1: Grounds into double play, 5-4-3 (Groundball, 5, EV 110.6 MPH)
|
| Top of the 8th over - 0 runs, 1 hit, 1 error, 1 left on base; Mobile 1 - Jacksonville 1 |
| BOTTOM OF THE 8TH |
|
Jacksonville Suns batting - Pitching for Mobile BayBears : LHP Heath Henderson
|
|
Batting: RHB Boof Howell
|
0-0: Called Strike 0-1: Foul Ball, location: 2F 0-2: Strikes out swinging
|
|
Batting: LHB Matt McKeon
|
0-0: Ball 1-0: Foul Ball, location: 2F 1-1: Ball 2-1: Fly out, F8 (Flyball, 8RM, EV 84.4 MPH)
|
|
Batting: RHB Akira Suzuki
|
0-0: Called Strike 0-1: Foul Ball, location: 2F 0-2: Ball 1-2: Strikes out swinging
|
| Bottom of the 8th over - 0 runs, 0 hits, 0 errors, 0 left on base; Mobile 1 - Jacksonville 1 |
| TOP OF THE 9TH |
|
Mobile BayBears batting - Pitching for Jacksonville Suns : RHP Chris Forster
|
|
Pitching: LHP Tyler Murders
|
|
|
Batting: RHB Jeremy Adams
|
0-0: Called Strike 0-1: Ball 1-1: Foul Ball, location: 2F 1-2: Foul Ball, location: 2F 1-2: Ball 2-2: Ball 3-2: Ground out 5-3 (Groundball, 56S, EV 78.8 MPH)
|
|
Batting: RHB Curt Barrett
|
0-0: Fly out, F9 (Flyball, 9D, EV 73.8 MPH)
|
|
Batting: LHB Koson Hirai
|
0-0: Swinging Strike 0-1: Ball 1-1: Foul Ball, location: 2F 1-2: Ball 2-2: Strikes out swinging
|
| Top of the 9th over - 0 runs, 0 hits, 0 errors, 0 left on base; Mobile 1 - Jacksonville 1 |
| BOTTOM OF THE 9TH |
|
Jacksonville Suns batting - Pitching for Mobile BayBears : LHP Heath Henderson
|
|
Pitching: RHP Rick Foster
|
|
|
Pinch Hitting: LHB Carlos Mosqueda
|
0-0: Foul Ball, location: 2F 0-1: Foul Ball, location: 2F 0-2: Fly out, F8 (Line Drive, 8RM, EV 91.2 MPH)
|
|
Batting: RHB Larry LeFever
|
0-0: Called Strike 0-1: Foul Ball, location: 2F 0-2: Ball 1-2: SINGLE (Line Drive, 9S, EV 92.5 MPH)
|
|
Batting: RHB Tom Thompson
|
0-0: Foul Ball, location: 2F 0-1: Swinging Strike 0-2: Ball 1-2: Foul Ball, location: 2F 1-2: Strikes out looking
|
|
Batting: RHB Len Graham
|
0-0: Called Strike 0-1: Ball 1-1: Foul Ball, location: 2F 1-2: SINGLE (Flyball, 89S, EV 80.0 MPH) Larry LeFever to second
|
|
Batting: LHB Orlando Rivera
|
0-0: Called Strike 0-1: Foul Ball, location: 2F 0-2: Ball 1-2: Foul Ball, location: 2F 1-2: Ball 2-2: Ball 3-2: Strikes out swinging
|
| Bottom of the 9th over - 0 runs, 2 hits, 0 errors, 2 left on base; Mobile 1 - Jacksonville 1 |
| TOP OF THE 10TH |
|
Mobile BayBears batting - Pitching for Jacksonville Suns : LHP Tyler Murders
|
|
Now at 1B: Carlos Mosqueda
|
|
|
Pinch Hitting: RHB Will Washburn
|
0-0: Ball 1-0: Reached on error, E4 (Groundball, 4, EV 81.9 MPH)
|
|
Batting: LHB Soo-yeon Kym
|
0-0: Foul Ball, location: 2F 0-1: Ball 1-1: Called Strike 1-2: Foul Ball, location: 2F 1-2: Strikes out swinging
|
|
Batting: RHB Blake Beale
|
0-0: Foul Ball, location: 2F 0-1: Foul Ball, location: 2F 0-2: Ball 1-2: Ground out 5-3 (Groundball, 56, EV 100.6 MPH) Will Washburn to second
|
|
Batting: RHB Chris Bittner
|
0-0: Intentional Walk
|
|
Batting: RHB Paul Schreiber
|
0-0: Ball 1-0: Foul Ball, location: 2F 1-1: Fly out, F9 (Flyball, 9, EV 93.8 MPH)
|
| Top of the 10th over - 0 runs, 0 hits, 1 error, 2 left on base; Mobile 1 - Jacksonville 1 |
| BOTTOM OF THE 10TH |
|
Jacksonville Suns batting - Pitching for Mobile BayBears : RHP Rick Foster
|
|
Pitching: RHP Edwin Martinez
|
|
|
Now at SS: Carlos Ballesteros
|
|
|
Batting: RHB Alberto Bravo
|
0-0: TRIPLE (Flyball, 89XD, EV 101.9 MPH)
|
|
Batting: RHB Boof Howell
|
0-0: Foul Ball, location: 2F 0-1: Ball 1-1: Swinging Strike 1-2: Ball 2-2: Foul Ball, location: 2F 2-2: Ball 3-2: Foul Ball, location: 2F 3-2: Base on Balls
|
|
Batting: LHB Matt McKeon
|
0-0: Foul Ball, location: 2F 0-1: Called Strike Boof Howell steals 2nd base (no throw) 0-2: Strikes out swinging
|
|
Batting: RHB Akira Suzuki
|
0-0: Ball 1-0: Ball 2-0: SINGLE (Groundball, 34, EV 95.6 MPH) Alberto Bravo scores
|
| Bottom of the 10th over - 1 run, 2 hits, 0 errors, 2 left on base; Mobile 1 - Jacksonville 2 |
|